 Dungeon Sprint DCSS version 0.16-a0-3330-g2931290 (webtiles) character file.

12 BluebellGnoll the Basher (level 5, 22/53 HPs)
             Began as an Ogre Hunter on Dec 28, 2014.
             Was a Follower of Okawaru.
             Quit the game in the Dungeon (Sprint VI: "Thunderdome").
             The game lasted 00:04:27 (307 turns).

BluebellGnoll the Basher (Ogre Hunter)               Turns: 307, Time: 00:04:27

Health: 22/53      AC:  3    Str: 22    XL:     5   Next: 7%
Magic:  5/5        EV: 10    Int: 14    God:    Okawaru [*.....]
Gold:   28         SH:  0    Dex: 14    Spells: 0 memorised, 4 levels left

rFire  . . .     SeeInvis +     p - +0 giant spiked club
rCold  . . .     Clarity  .     d - +0 animal skin
rNeg   . . .     SustAb   .     (shield restricted)
rPois  .         Gourm    .     (helmet restricted)
rElec  .         Spirit   .     (no cloak)
rCorr  .         Warding  .     (gloves unavailable)
rMut   .         NoTele   +     (boots unavailable)
MR     .....                    (no amulet)
Stlth  ++........               q - ring "Emeymix" {+Inv Str+5 Int+4 Dex+3}
                                a - ring "Niepn" {+Blink SInv Stlth+}

@: not resistant to hostile enchantments, unstealthy
A: unfitting armour, tough skin 1
a: Heroism, Renounce Religion, Evoke Blink, Evoke Invisibility


You were in the Dungeon.
You worshipped Okawaru.
Okawaru was aware of your devotion.
You were not hungry.

You visited 1 branch You collected 220 gold pieces.
You spent 192 gold pieces at shops.

Inventory:

Hand weapons
 p - a +0 giant spiked club (weapon)
Missiles
 b - 5 large rocks (quivered)
 c - 2 throwing nets
Armour
 d - a +0 animal skin (worn)
Jewellery
 a - the ring "Niepn" (left hand) {+Blink SInv Stlth+}
   (You bought it in a shop in the Dungeon)

   [ring of see invisible]

   It enhances your eyesight.
   It lets you blink.
   It makes you more stealthy.
 q - the ring "Emeymix" (right hand) {+Inv Str+5 Int+4 Dex+3}
   (You bought it in a shop in the Dungeon)

   [ring of invisibility]

   It affects your strength (+5).
   It affects your intelligence (+4).
   It affects your dexterity (+3).
   It lets you turn invisible.
 r - the ring "Rofosat" {rF+ Dex+2}
   (You bought it in a shop in the Dungeon)

   [ring of protection from fire]

   It affects your dexterity (+2).
   It protects you from fire.
Magical devices
 l - a wand of cold (5)
 m - a wand of fire (5)
Scrolls
 k - 4 scrolls of blinking
 n - 3 scrolls of fog
Potions
 e - a potion of curing
 g - 4 potions of heal wounds
 h - 4 potions of haste
 i - 2 potions of magic
 j - a potion of berserk rage
 o - a potion of resistance
Comestibles
 f - a meat ration
 s - 6 chunks of flesh


   Skills:
 * Level 3.1 Fighting
 - Level 11.8 Maces & Flails
 - Level 4.3 Throwing
 * Level 2.2 Dodging
 - Level 0.7 Stealth


You had 4 spell levels left.
You didn't know any spells.

Dungeon Overview and Level Annotations

Branches:
Dungeon (1/1)

Altars:
Cheibriados
Dithmenos
Elyvilon
Fedhas
Gozag
Kikubaaqudgha
Makhleb
Nemelex Xobeh
Okawaru
Qazlal
Ru
Sif Muna
Trog
Vehumet
Xom
Yredelemnul
Zin
The Shining One
Jiyva
Lugonu

Shops:
D *[%??*?*:[((!!!!


Innate Abilities, Weirdness & Mutations

You are too large for most types of armour.
You have tough skin (AC +1).


Message History

You barely miss the shadow imp. The shadow imp barely misses you.
You puncture the shadow imp!
The shadow imp is severely wounded.
The shadow imp gestures at you.
You barely resist. You closely miss the shadow imp.
The shadow imp is severely wounded.
The shadow imp hits you.
You closely miss the shadow imp.
The shadow imp is severely wounded.
The shadow imp gestures at you. Pain shoots through your body!
The shadow imp hits you.
You puncture the shadow imp!
You kill the shadow imp!
Okawaru accepts your kill.
Your Fighting skill increases to level 3!
Your Dodging skill increases to level 2!
You have reached level 5!
Unknown command.
Are you sure you want to abandon this character and quit the game? (Confirm with "yes".)

######[8.........8.####
##∩__.......###......___
###∩........8.# #)8.......
##.............###.........
#⌠..........###...###......
#⌠..........# #.<.# #......
#⌠..........###...###......
##.............###.........
###∩.....@..8.# #.8.......
##∩___......###.......__
######.8.........8.####
#⌠...........⌠#
###.........### #_......._#
#........_# #_......._#
#∩.......∩#


There were no monsters in sight!

Vanquished Creatures
  Sigmund (D)
  A worker ant (D)
  An adder (D)
  A shadow imp (D)
  A giant gecko (D)
  A bat (D)
  A giant cockroach (D)
  A quokka (D)
  A kobold (D)
  A rat (D)
10 creatures vanquished.

Notes
Turn   | Place    | Note
--------------------------------------------------------------
     0 | D        | BluebellGnoll, the Ogre Hunter, began the quest for the Orb.
     0 | D        | Reached XP level 1. HP: 22/22 MP: 1/1
     1 | D        | Found an iron altar of Okawaru.
     2 | D        | Found a blossoming altar of Fedhas.
     2 | D        | Found a radiant altar of Vehumet.
     3 | D        | Found an ancient bone altar of Kikubaaqudgha.
     3 | D        | Found a sacrificial altar of Ru.
     4 | D        | Found Khocrehu's Do-It-Yourself Clinic.
     4 | D        | Found a white marble altar of Elyvilon.
     4 | D        | Found Laschiedgh's Weapon Rack.
     4 | D        | Found Zellaesk's Basic Armour.
     5 | D        | Round 1.
     8 | D        | Found Vaixken's Miscellaneous Merchandise.
     9 | D        | Became a worshipper of Warmaster Okawaru
    10 | D        | Found a stormy altar of Qazlal.
    11 | D        | Found Itenyf's Premium Goods.
    13 | D        | Bought a +0 giant spiked club for 57 gold pieces
    19 | D        | Found an opulent altar of Gozag.
    20 | D        | Found a snail-covered altar of Cheibriados.
    21 | D        | Found a shimmering altar of Xom.
    21 | D        | Found Cuiz's Identification Station.
    22 | D        | Found Buomeaj's Advanced Armour.
    23 | D        | Found a viscous altar of Jiyva.
    24 | D        | Found Leamus' Jewellery.
    24 | D        | Found a shadowy altar of Dithmenos.
    24 | D        | Found Bla Qeugg's Bee Food.
    31 | D        | Bought a twitching lead ring for 45 gold pieces
    31 | D        | Bought a bound turquoise ring for 45 gold pieces
    31 | D        | Bought a scintillating glass ring for 45 gold pieces
    31 | D        | Identified the ring "Niepn" {+Blink SInv Stlth+} (You bought it in a shop in the Dungeon)
    32 | D        | Identified the ring "Emeymix" {+Inv Str+5 Int+4 Dex+3} (You bought it in a shop in the Dungeon)
    34 | D        | Identified the ring "Rofosat" {rF+ Dex+2} (You bought it in a shop in the Dungeon)
    39 | D        | Noticed Sigmund
    42 | D        | Killed Sigmund
    42 | D        | Acquired Okawaru's first power
    42 | D        | Reached skill level 10 in Maces & Flails
    42 | D        | Reached XP level 2. HP: 29/29 MP: 2/2
    42 | D        | Reached XP level 3. HP: 36/36 MP: 3/3
    42 | D        | Reached XP level 4. HP: 44/44 MP: 4/4
    44 | D        | Found a basalt altar of Yredelemnul.
    46 | D        | Found a glowing golden altar of the Shining One.
    51 | D        | Found a burning altar of Makhleb.
    51 | D        | Found Blae's Magic Scroll Shop.
    51 | D        | Found Schuwoydd's Magic Scroll Shop.
    53 | D        | Found a corrupted altar of Lugonu.
    53 | D        | Found a glowing silver altar of Zin.
    53 | D        | Found Erodunt's Staff Store.
    53 | D        | Found Ywaqocs' Must-Have Magic.
    68 | D        | Found a sparkling altar of Nemelex Xobeh.
    69 | D        | Found a bloodstained altar of Trog.
    69 | D        | Found a deep blue altar of Sif Muna.
    70 | D        | Found Xorr's Distillery.
    71 | D        | Found Rauts' Distillery.
    73 | D        | Found Syok's Bottled Wisdom.
   140 | D        | Arena points: 12 (+12) [x2]
   202 | D        | Round 2.
   245 | D        | Reached skill level 11 in Maces & Flails
   306 | D        | Reached XP level 5. HP: 22/53 MP: 5/5
   307 | D        | Quit the game

Action                   |  1- 3 |  4- 6 || total
-------------------------+-------+-------++-------
Melee: Giant spiked club |       |    23 ||    23
Throw: Large rock        |     1 |     1 ||     2
